 Dungeon Crawl Stone Soup version 0.29-a0-323-g050149af67 (webtiles) character file.

Game seed: 14469549571656576304

68 Jortsu the Sneak (level 4, -2/28 HPs)
             Began as a Tengu Delver on Apr 10, 2022.
             Was a Follower of Dithmenos.
             Slain by a gnoll
             ... wielding a +0 club
              (5 damage)
             ... on level 1 of the Dungeon.
             The game lasted 00:02:38 (1519 turns).

Jortsu the Sneak (Tengu Delver)                     Turns: 1519, Time: 00:02:38

Health: -2/28      AC:  3    Str: 14    XL:     4   Next: 19%
Magic:  5/5        EV: 12    Int: 11    God:    Dithmenos [*.....]
Gold:   107        SH:  0    Dex: 15    Spells: 3/3 levels left

rFire   . . .      SeeInvis .   a - +0 falchion
rCold   . . .      Faith    .   (no shield)
rNeg    . . .      Spirit   .   b - +0 leather armour
rPois   .          Reflect  .   (helmet restricted)
rElec   .          Harm     .   (no cloak)
rCorr   .          Rampage  .   (no gloves)
Will    .....                   (boots unavailable)
Stlth   +++.......              (no amulet)
HPRegen 0.09/turn               (no ring)
MPRegen 0.09/turn               (no ring)

@: wreathed by umbra
A: beak, talons 3
a: Renounce Religion


You were on level 1 of the Dungeon.
You worshipped Dithmenos.
Dithmenos was aware of your devotion.
You visited 1 branch of the dungeon, and saw 5 of its levels.

You collected 107 gold pieces.

Inventory:

Hand Weapons
 a - a +0 falchion (weapon)
Armour
 b - a +0 leather armour (worn)
Wands
 g - a wand of digging (3)
Scrolls
 c - 2 scrolls of fog
 d - a scroll of magic mapping
 e - a scroll of fear
Potions
 f - a potion of haste
 h - 3 potions of magic
 j - a potion of curing {unknown}
 l - 2 potions of degeneration {unknown}


   Skills:
 + Level 3.1 Fighting
 + Level 2.4 Long Blades
 + Level 1.2 Armour
 + Level 2.8 Dodging
 + Level 5.9 Stealth


You had 3 spell levels left.
You didn't know any spells.
Your spell library was empty.

Dungeon Overview and Level Annotations

Branches:
Dungeon (5/15)
 Temple: D:4-7

Altars:
Dithmenos


Innate Abilities, Weirdness & Mutations

You have a beak for a mouth.
You have claws for feet.


Message History

The adder closely misses you.
You climb upwards.
There is a stone staircase leading down here.
You hit the adder. Your kick misses the adder.
The adder is heavily wounded.
The adder misses you. x2
You slash the adder!
You kill the adder!
Dithmenos accepts your kill.
Your Armour skill increases to level 1!
You have reached level 4!
You feel clever.
You start resting.
HP restored.
You climb downwards.
The gnoll hits you with a +0 club! The gnoll closely misses you.
There is a stone staircase leading up here.
The gnoll barely misses you. The gnoll hits you with a +0 club.
You climb upwards.
There is a stone staircase leading down here.
You hit the gnoll but do no damage. You claw the gnoll, but do no damage.
The gnoll closely misses you. The gnoll hits you with a +0 club.
The gnoll hits you but does no damage. The gnoll closely misses you.
You hit the gnoll. You claw the gnoll. Your peck misses the gnoll.
The gnoll is severely wounded.
The gnoll hits you with a +0 club. The gnoll hits you with a +0 club!
* * * LOW HITPOINT WARNING * * *
You slash the gnoll!
You kill the gnoll!
Dithmenos accepts your kill. The gnoll barely misses you.
You see here a +0 club.
You completely miss the gnoll. You claw the gnoll!
The gnoll is severely wounded.
The gnoll hits you with a +0 club.
* * * LOW HITPOINT WARNING * * *
You hit the gnoll.
The gnoll is almost dead.
The gnoll hits you with a +0 club.
You die...

##.....#..###..## #..........
#.............###### #...##..###
...........#.......####.......#
...........#.#####.....>......#
...).........# ######.......###
............## ##....#......
..)).......##########.....#...##.
.........)..(....................
...........##...@g†..######...###
..........###.######## #...#
.....####.....# #...# ######
##..### ##### ####


You could see a gnoll.

Vanquished Creatures
  A gnoll (D:1)
  2 adders
  2 dart slugs
  4 endoplasms
  3 giant cockroaches (D:1)
  8 goblins
  A hobgoblin (D:4)
  3 kobolds (D:1)
  A quokka (D:1)
  A ball python (D:4)
  3 bats (D:1)
  A frilled lizard (D:1)
  3 rats
33 creatures vanquished.

Notes
Turn   | Place    | Note
-------+----------+-------------------------------------------
     0 | D:5      | Jortsu the Tengu Delver began the quest for the Orb.
     0 | D:5      | Reached XP level 1. HP: 14/14 MP: 2/2
    10 | D:5      | Noticed a scorpion
   225 | D:2      | Reached XP level 2. HP: 17/19 MP: 3/3
   296 | D:1      | Reached XP level 3. HP: 6/23 MP: 4/4
  1074 | D:1      | Found a faded altar of an unknown god.
  1083 | D:1      | Prayed at the altar of an unknown god.
  1083 | D:1      | Became a worshipper of Dithmenos the Shadowed
  1083 | D:1      | Reached * piety under Dithmenos
  1456 | D:1      | Reached skill level 1 in Armour
  1456 | D:1      | Reached XP level 4. HP: 23/28 MP: 5/5
  1519 | D:1      | Slain by a gnoll

Illustrated notes

Levels and vault maps discovered:
D:1:      evilmike_arrival_plus, layout_rooms,
          dreamdust_ecumenical_altar_statues, serial_bayou_pond_a
D:2:      layout_loops_corners, serial_shops, nicolae_shop_behind_doors
D:3:      layout_basic, yredelemnul_altar_generic, gammafunk_ghost_smash,
          kennysheep_cross_room, chequers_serial_rivers_large_a
D:4:      layout_loops_cross, uniq_grinder
D:5:      layout_basic, mainiacjoe_overflow_small_starburst, kennysheep_doodads,
          uniq_eustachio

Skill      XL: |  1  2  3 |
---------------+----------+-----
Armour         | 1 |  1.2
Fighting       | |  3.1
Long Blades    | |  2.4
Dodging        | |  2.8
Stealth        | |  5.9

Action                   |  1- 3 |  4- 6 || total
-------------------------+-------+-------++-------
Melee: Falchion          |    59 |     5 ||    64
       Peck              |    10 |       ||    10
       Kick              |    13 |     3 ||    16
       Punch             |     1 |       ||     1
  Use: Scroll            |     3 |       ||     3
 Stab: Sleeping          |    11 |       ||    11
Armor: Leather armour    |    16 |     1 ||    17
Dodge: Dodged            |    37 |     5 ||    42

Table legend: (Time is in decaauts)
 A = Elapsed time spent in this place.
 B = Non-inter-level travel time spent in this place.
 C = Inter-level travel time spent in this place.
 D = Time resting spent in this place.
 E = Time spent auto-exploring this place.
 F = Levels seen in this place.
 G = Mean time per level.
                   A        B        C        D        E       F      G
               +--------+--------+--------+--------+--------+-----+--------+
         Total |   1533 |   1504 |     29 |    417 |    638 |   5 |  306.6 |
       Dungeon |   1533 |   1504 |     29 |    417 |    638 |   5 |  306.6 |
               +--------+--------+--------+--------+--------+-----+--------+

Top non-repeatable levels by time:
     D:1: 958 daAuts
     D:2: 397 daAuts
     D:4: 134 daAuts
     D:5: 24 daAuts
     D:3: 18 daAuts
